 Dungeon Crawl Stone Soup version 0.23.2-11-gf996548c65 (webtiles) character file.

Game seed: 7738650794169897459

4608 Brecoman the Fighter (level 10, -8/93 HPs)
             Began as a Green Draconian Abyssal Knight on June 3, 2019.
             Was an Elder of Lugonu.
             Killed by divine providence
             ... invoked by an orc priest
              (11 damage)
             ... on level 8 of the Dungeon.
             The game lasted 00:29:51 (9825 turns).

Brecoman the Fighter (DrAK)                         Turns: 9825, Time: 00:29:52

Health: -8/93      AC:  7    Str: 17    XL:     10   Next: 19%
Magic:  10/17      EV: 13    Int: 14    God:    Lugonu [****..]
Gold:   368        SH:  0    Dex: 12    Spells: 8/9 levels left

rFire    . . .     SeeInvis .   a - +7 hunting sling of Truncation {venom, MR+ Str-2 Int+2}
rCold    + . .     Gourm    .   (no shield)
rNeg     . . .     Faith    .   (armour unavailable)
rPois    +         Spirit   .   (helmet restricted)
rElec    .         Reflect  .   (no cloak)
rCorr    .         Harm     .   (no gloves)
MR       +....                  (no boots)
Stlth    +.........             w - amulet of rage
HPRegen  0.25/turn              s - ring of protection from cold
MPRegen  0.15/turn              y - +2 ring of strength

@: lightly drained
A: breathe noxious fumes, unfitting armour, poison resistance, cold-blooded, AC
+7
a: Breathe Noxious Fumes, Depart the Abyss, Bend Space, Banish, Corrupt,
Renounce Religion, Evoke Berserk Rage


You were on level 8 of the Dungeon.
You worshipped Lugonu.
Lugonu was greatly pleased with you.
You were near starving.

You visited 1 branch of the dungeon, and saw 8 of its levels.
You visited the Abyss 1 time.

You collected 368 gold pieces.

Inventory:

Hand Weapons
 a - the +7 hunting sling of Truncation (weapon) {venom, MR+ Str-2 Int+2}
   (You found it on level 5 of the Dungeon)

   It poisons the ammo it fires.
   It affects your strength (-2).
   It affects your intelligence (+2).
   It affects your resistance to hostile enchantments.
 b - a +2 short sword of venom
 j - a +1 falchion
 r - a +0 hunting sling
Missiles
 h - 229 stones (quivered)
 z - 17 sling bullets
Jewellery
 s - a ring of protection from cold (left hand)
 w - an amulet of rage (around neck)
 y - a +2 ring of strength (right hand)
Wands
 d - a wand of acid (7)
 i - a wand of scattershot (3)
 x - a wand of iceblast (4)
Scrolls
 e - 2 scrolls of enchant armour
 g - 5 scrolls of teleportation
 k - 5 scrolls of fog
 t - 2 scrolls of magic mapping
 E - a scroll of remove curse
Potions
 f - 4 potions of heal wounds
 l - a potion of lignification
 m - a potion of invisibility
 n - 2 potions of degeneration
 o - 5 potions of curing
 p - a potion of berserk rage
 q - a potion of cancellation
 u - a potion of brilliance
 v - a potion of mutation
 A - a potion of magic {unknown}
 C - a potion of might {unknown}
 D - a potion of flight {unknown}
Comestibles
 c - 16 rations


   Skills:
 + Level 9.8(9.6) Fighting
 - Level 4.3(4.5) Short Blades
 - Level 2.5(3.6) Long Blades
 + Level 6.3(6.1) Slings
 + Level 3.2(3.0) Dodging
 + Level 9.4(9.2) Invocations


You had 8 spell levels left.
You knew the following spells:

 Your Spells              Type           Power        Failure   Level  Hunger
a - Confusing Touch       Hex            #.....       28%         1    ##.....

Your spell library contained the following spells:

 Spells                   Type           Power        Failure   Level  Hunger
 Animate Skeleton         Necr           N/A          28%         1    ##.....
 Apportation              Tloc           #.....       28%         1    ##.....
 Summon Small Mammal      Summ           #...         28%         1    ##.....


Dungeon Overview and Level Annotations

Branches:
Dungeon (8/15)             Temple (0/1) D:6
   Lair: D:8-11

Altars:
Elyvilon

Shops:
D:6 :

Annotations:
D:8 corrupted
Abyss:1 Grinder


Innate Abilities, Weirdness & Mutations

You can breathe blasts of noxious fumes.
Your lurid green scales are hard. (AC +7)
You cannot fit into any form of body armour.
Your system is resistant to poisons. (rPois)
You are cold-blooded and may be slowed by cold attacks.


Message History

The blast of flame hits the orc warrior!
The sixfirhy closely misses the orc priest.
The raiju misses something.
Something hits the orc warrior but does no damage.
The freezing wraith hits the orc!
The orc dies!
The neqoxec gestures at the orc.
The orc twists and deforms.
The smoke demon barely misses the orc. x2
The smoke demon hits the orc.
You are near starving!
The sixfirhy hits the orc priest!
The orc priest dies!
The thrashing horror tramples you!
* * * LOW HITPOINT WARNING * * *
You stumble backwards!
The hell hound closely misses something.
Something closely misses the hell hound.
The orc priest invokes the aid of Beogh against you.
Beogh smites you!
You die...

#.#.#####.### # #....
#<#.#.......# . ....# .
....#.##....# .#o.o.#.
.####.##.#..### ##o?.o..
......##..... .##2.#.o####
#.....###..#.##h F(.o3..?.
#.##.######.#5.h##oWX3#
#.##.# #....3.X..xx.3#..#
#.##.# #.###.#4.@.5..x# #
#.##.###.####.##X#.##.u.#
#.##.........>.W.Vx...X..#
#.#######.##.#.#)#.#..####
..#.......# ##.........
###.####### #.##.###.#
#.....# ..)..# .#
#####.##### ###### #
#.....#


You could see 2 orc warriors, an orc priest, 2 orcs, a neutral starcursed mass,
a neutral purple very ugly thing, a neutral flayed ghost, a neutral orange
demon, a neutral thrashing horror, a neutral large abomination, a neutral
freezing wraith, a neutral sixfirhy, a neutral smoke demon, a neutral raiju, 2
neutral neqoxecs, a neutral vampire, a neutral hell hound, 3 neutral small
abominations, a neutral quasit and a neutral white imp.

Vanquished Creatures
  A two-headed ogre (D:7)
  Edmund (D:5)
  A water moccasin (D:7)
  An ice beast (D:7)
  4 orc warriors
  2 black bears (D:7)
  2 phantoms
  A sky beast (D:6)
  2 ogres
  4 centaurs
  2 big kobolds
  A gnoll sergeant (D:7)
  4 bullfrogs
  3 scorpions
  A killer bee (D:7)
  8 wights
  A crimson imp (D:5)
  A quasit (D:6)
  A hound (D:5)
  4 orc priests
  An iguana (D:5)
  4 jellies
  9 orc wizards
  A centaur skeleton (D:8)
  3 worker ants
  A worker ant zombie (D:7)
  A howler monkey skeleton (D:4)
  3 gnolls (D:7)
  12 adders
  3 shadow imps (D:5)
  2 oozes (D:2)
  5 adder skeletons
  3 worms
  4 dart slugs
  7 leopard geckos
  35 orcs
  2 ball pythons
  5 giant cockroaches
  11 goblins
  5 hobgoblins
  7 jackals
  14 kobolds
  11 quokkas
  10 bats
  5 frilled lizards
  A jackal zombie (D:7)
  A quokka skeleton (D:4)
  10 rats
221 creatures vanquished.

Vanquished Creatures (others)
  A hornet (D:8)
  An orc priest (D:8)
  An orc (D:8)
3 creatures vanquished.

Grand Total: 224 creatures vanquished

Notes
Turn   | Place    | Note
-------+----------+-------------------------------------------
     0 | Abyss:1  | Brecoman the Draconian Abyssal Knight began the quest for
                  | the Orb.
     0 | Abyss:1  | Reached XP level 1. HP: 19/19 MP: 2/2
    81 | Abyss:1  | Noticed a smoke demon
    82 | D:1      | Escaped the Abyss
   181 | D:1      | Reached XP level 2. HP: 5/26 MP: 3/3
   196 | D:1      | HP: 1/26 [poisoned by a kobold]
   580 | D:1      | Reached * piety under Lugonu
  1171 | D:2      | Reached XP level 3. HP: 27/33 MP: 4/4
  1256 | D:2      | Reached skill level 1 in Short Blades
  1699 | D:2      | Reached XP level 4. HP: 10/40 MP: 6/6
  2650 | D:3      | Reached ** piety under Lugonu
  3099 | D:3      | Learned a level 1 spell: Confusing Touch
  3164 | D:4      | Reached XP level 5. HP: 29/47 MP: 7/7
  3742 | D:4      | Noticed a phantom
  3754 | D:4      | Reached skill level 5 in Fighting
  3754 | D:4      | Reached XP level 6. HP: 52/56 MP: 9/9
  4015 | D:4      | Reached *** piety under Lugonu
  4747 | D:4      | Your scales start taking on a lurid green colour.
  4747 | D:4      | Reached XP level 7. HP: 57/61 MP: 10/10
  4747 | D:4      | Gained mutation: Your system is resistant to poisons.
                  | (rPois) [Green Draconian growth]
  4911 | D:5      | Entered Level 5 of the Dungeon
  4911 | D:5      | Noticed Grinder
  4917 | D:5      | Banished Grinder
  4917 | D:5      | Reached skill level 5 in Invocations
  5015 | D:5      | Got a polished hunting sling
  5216 | D:5      | Identified the +7 hunting sling of Truncation {venom, MR+
                  | Str-2 Int+2} (You found it on level 5 of the Dungeon)
  5421 | D:5      | Noticed Edmund
  5582 | D:5      | Reached skill level 1 in Slings
  5618 | D:5      | Reached XP level 8. HP: 58/71 MP: 12/12
  5767 | D:5      | Killed Edmund
  7473 | D:6      | Found Qorrufyr's Book Boutique.
  7958 | D:7      | Reached XP level 9. HP: 68/81 MP: 14/14
  7978 | D:7      | Reached **** piety under Lugonu
  8275 | D:7      | Reached skill level 5 in Slings
  8399 | D:7      | Noticed a two-headed ogre
  8410 | D:7      | Killed a two-headed ogre
  9003 | D:6      | Found a staircase to the Ecumenical Temple.
  9038 | D:7      | Reached XP level 10. HP: 80/91 MP: 16/16
  9173 | D:8      | Reached ***** piety under Lugonu
  9249 | D:8      | Found a white marble altar of Elyvilon.
  9349 | D:8      | Paralysed by a hornet for 3 turns
  9823 | D:8      | Corrupted D:8
  9823 | D:8      | Noticed a flayed ghost
  9823 | D:8      | Noticed a sixfirhy
  9823 | D:8      | Noticed a shadow demon
  9823 | D:8      | Noticed a smoke demon
  9823 | D:8      | Noticed a purple very ugly thing
  9823 | D:8      | Noticed an orange demon
  9824 | D:8      | Noticed a thrashing horror
  9825 | D:8      | Noticed a starcursed mass
  9825 | D:8      | HP: 3/93 [thrashing horror[Lugonu's corruption] (11)]
  9825 | D:8      | Killed from afar by an orc priest

Skill      XL: |  1  2  3  4  5  6  7  8  9 10 |
---------------+-------------------------------+-----
Short Blades   | 1 2 3 4 |  4.3
Fighting       | 4 5 6 8 9 |  9.8
Invocations    | 3 4 6 7 9 |  9.4
Slings         | 1 4 6 |  6.3
Dodging        | 3 |  3.2
Long Blades    | |  2.5

Action                   |  1- 3 |  4- 6 |  7- 9 | 10-12 || total
-------------------------+-------+-------+-------+-------++-------
Melee: Falchion          |    17 |     2 |       |       ||    19
       Short sword       |    72 |   192 |    12 |       ||   276
       Tailslap          |    10 |    27 |     1 |       ||    38
 Fire: Hunting sling     |     5 |   100 |   308 |    61 ||   474
Invok: Depart the Abyss  |     1 |       |       |       ||     1
       Banish            |       |       |     2 |       ||     2
       Corrupt           |       |       |       |     1 ||     1
 Abil: Breathe Noxious F |       |       |     3 |     1 ||     4
  Use: Scroll            |     2 |       |    18 |       ||    20
  Eat: Chunk             |     2 |    10 |    14 |     2 ||    28
Armor: Skin              |    16 |    45 |    60 |    10 ||   131
Dodge: Dodged            |    56 |   112 |   121 |    16 ||   305
       Rpst.: Falchion   |     4 |       |       |       ||     4
